 Dungeon Crawl Stone Soup version 0.17-a0-2101-g0c122e7 (webtiles) character file.

68781 nubinia the Whirler (level 14, -3/85 HPs)
             Began as a Spriggan Artificer on Oct 17, 2015.
             Was a High Priest of Nemelex Xobeh.
             Killed from afar by Aizul (43 damage)
             ... with a bolt of poison
             ... on level 1 of the Elven Halls on Oct 18, 2015.
             The game lasted 04:46:33 (31673 turns).

nubinia the Whirler (Spriggan Artificer)           Turns: 31673, Time: 04:46:37

Health: -3/85      AC: 11    Str:  9    XL:     14   Next: 87%
Magic:  26/26      EV: 35    Int: 15    God:    Nemelex Xobeh [*****.]
Gold:   2069       SH:  9    Dex: 22    Spells: 0 memorised, 13 levels left

rFire  + . .     SeeInvis +     a - +5 short sword of the Six Ships {pierce, *Noise MR+++ SInv}
rCold  . . .     Clarity  .     j - +2 robe {rF+}
rNeg   . . .     SustAt   .     w - +1 buckler
rPois  x         Gourm    .     (helmet restricted)
rElec  .         Spirit   .     T - +0 cloak (curse)
rCorr  .         Warding  .     (gloves unavailable)
rMut   .         Stasis   .     (boots unavailable)
MR     +++++                    g - amulet of Vitality {Regen+ HP+15}
Stlth  +++++++...               u - +6 ring of protection
                                y - +2 ring of evasion (curse)

@: lethally poisoned (-3 -> -27), poison vulnerable, drained, very quick, almost
entirely resistant to hostile enchantments, extremely stealthy
A: unfitting armour, claws 1, thin skeletal structure 1, see invisible,
herbivore 3, speed 3, slow metabolism 2, strong 1
a: Triple Draw, Deal Four, Stack Five, Renounce Religion


You were on level 1 of the Elven Halls.
You worshipped Nemelex Xobeh.
Nemelex Xobeh was extremely pleased with you.
You were full.

You visited 5 branches of the dungeon, and saw 25 of its levels.
You also visited: Labyrinth, Ossuary and Volcano.

You collected 2455 gold pieces.
You spent 180 gold pieces at shops.

Inventory:

Hand Weapons
 a - the +5 short sword of the Six Ships (weapon) {pierce, *Noise MR+++ SInv}
   (You found it on level 7 of the Dungeon)

   It inflicts extra damage upon your enemies.
   It affects your resistance to hostile enchantments.
   It lets you see invisible.
   It may make noises in combat.
 b - a +2 hunting sling of flaming
 q - a +0 blowgun
Missiles
 r - 258 stones (quivered)
 C - 9 curare-tipped needles
 V - 56 sling bullets
Armour
 j - a +2 robe of fire resistance (worn)
 w - a +1 buckler (worn)
 S - a cursed +2 robe of positive energy
 T - a cursed +0 cloak (worn)
Rods
 z - a cursed +4 rod of clouds (9/11)
   (You found it in a labyrinth)
Jewellery
 g - the amulet of Vitality (around neck) {Regen+ HP+15}
   (You took it off Fannar on level 3 of the Lair of Beasts)

   [amulet of regeneration]

   It affects your health (+15).
   It increases your rate of regeneration.
 u - a +6 ring of protection (right claw)
 v - a +5 ring of intelligence
 y - a cursed +2 ring of evasion (left claw)
Wands
 d - a wand of enslavement (10)
 x - a wand of paralysis (9)
 A - a wand of flame (17)
 B - a wand of digging (5)
 H - a wand of confusion (5)
 I - a wand of draining (2)
 Q - a wand of heal wounds (7)
Scrolls
 h - 8 scrolls of remove curse
 l - a scroll of magic mapping
 F - 5 scrolls of teleportation
 J - 3 scrolls of blinking
 K - a scroll of fear
 W - 6 scrolls of identify
 X - 3 scrolls of enchant armour
 Y - 3 scrolls of fog
Potions
 i - a potion of heal wounds
 k - 2 potions of cancellation
 o - 5 potions of agility
 t - 11 potions of curing
 E - 2 potions of haste
 G - 5 potions of might
 N - a potion of resistance
Miscellaneous
 c - a legendary deck of war
 e - a legendary deck of war
 f - an ornate deck of war
 m - an ornate deck of war
 n - an ornate deck of war
 s - a legendary deck of war
 D - a legendary deck of war
 L - a legendary deck of destruction {drawn: 1}
 O - a legendary deck of destruction
 P - an ornate deck of war
 U - an ornate deck of war
 Z - a legendary deck of war
Comestibles
 M - 22 fruits


   Skills:
 + Level 6.0(5.4) Fighting
 + Level 8.1(7.4) Short Blades
 + Level 16.9(16.1) Slings
 + Level 14.8(14.0) Dodging
 + Level 14.0(13.3) Stealth
 + Level 5.2(4.6) Shields
 * Level 15.3(14.5) Evocations


You had 13 spell levels left.
You didn't know any spells.

Dungeon Overview and Level Annotations

Branches:
Dungeon (11/15)            Temple (1/1) D:7            Lair (8/8) D:9
  Swamp (0/4) Lair:3       Spider (0/4) Lair:6        Slime (0/6) Lair:8
    Orc (4/4) D:11            Elf (1/3) Orc:4

Altars:
Ashenzari
Cheibriados
Dithmenos
Elyvilon
Fedhas
Gozag
Kikubaaqudgha
Makhleb
Nemelex Xobeh
Okawaru
Qazlal
Ru
Sif Muna
Trog
Vehumet
Xom
Yredelemnul
Zin
The Shining One
Beogh
Jiyva

Shops:
D:5 :   D:6 !   D:9 !   Orc:1 [   Orc:2 (   Orc:4 :?[[%

Annotations:
D:10 4thArraOfDagon's ghost, novice DDFi
Lair:2 exclusion: 3 oklob plants
Lair:3 exclusion: downstairs
Lair:7 exclusion: oklob plant
Elf:1 exclusion: door, Aizul


Innate Abilities, Weirdness & Mutations

You are tiny and cannot use many weapons and most armour.
You have supernaturally acute eyesight.
You are a herbivore.
You cover ground extremely quickly.
You need consume almost no food.
You have sharp fingernails.
You have a somewhat thin skeletal structure (Dex +2, Stealth).
Your muscles are strong. (Str +2)


Message History

Evoke which item? (* to show all) (? for menu, Esc to quit)
You draw a card...
It is the Curse.
This card doesn't seem to belong here.
The deck of cards glows slightly and disappears.
You feel a malignant aura surround you.
Your +2 ring of evasion glows black for a moment.
Your +4 rod of clouds (9/11) glows black for a moment.
Your +2 robe of positive energy glows black for a moment.
Evoke which item? (* to show all) (? for menu, Esc to quit)
You draw a card...
It is the Orb.
You have drawn the Orb.
Press: ? - help, Shift-Dir - straight line, f/p - Aizul
Aim: Aizul (lightly wounded)
Your orb of destruction hits a rock wall.
The rock wall explodes into countless fragments.
Aizul casts a spell at you. The bolt of poison hits you!
You are poisoned.
Ouch! That really hurt!
You die...
Your body glows slightly and disappears.

#....)...# .....
###e...... ..... #*......
...... ##e..... S...!.
##....# #...S.#+####
##..## .........#.# #+##
......*§*§##### #.#
.......)@..'..# ##.#
.......***###.######..###
.........## #............
.#......## #############
##....## #####


You could see Aizul.

Vanquished Creatures
  Rupert (Lair:3)
  Maud (Lair:7)
  A minotaur (Lab)
  7 hydras
  Fannar (Lair:3)
  An anaconda (Lair:8)
  7 death yaks
  A deep elf knight (Elf:1)
  3 orc high priests (Orc:4)
  A deep elf summoner (Elf:1)
  2 hill giants
  An unseen horror (D:10)
  An orb spider (Lair:7)
  Pikel (D:7)
  3 lindwurms (Lair:3)
  2 griffons
  4 orc knights (Orc:4)
  2 orc sorcerers (Orc:4)
  A deep elf conjurer (Elf:1)
  An oklob plant (Lair:7)
  3 elephants (Lair:8)
  Maurice (Orc:1)
  Psyche (D:11)
  7 black mambas
  13 spiny frogs
  A smoke demon (Volcano)
  3 centaur skeletons (D:10)
  10 komodo dragons
  2 trolls
  3 deep elf priests (Elf:1)
  4 fire drakes
  2 red devils (Volcano)
  A wandering mushroom (Lair:2)
  2 polar bears
  Grinder (D:3)
  Prince Ribbit (D:7)
  13 blink frogs
  A giant leech (Lair:3)
  A two-headed ogre (Orc:3)
  A boulder beetle (Lair:8)
  4 deep elf magi
  3 wyverns
  A trapdoor spider (Lab)
  A deep elf fighter (Elf:1)
  A fire bat (Volcano)
  10 yaks
  3 hogs
  5 wargs
  16 wolves
  6 hippogriffs
  2 hungry ghosts (D:9)
  Edmund (D:6)
  A soldier ant (Lair:3)
  A swamp worm (Lair:3)
  12 water moccasins
  12 porcupines
  2 hell hounds (Volcano)
  5 ice beasts
  15 orc warriors
  6 spiders (Lair:6)
  2 sky beasts
  5 centaurs
  A phantom (D:8)
  7 crocodiles
  9 ogres
  16 giant frogs
  3 big kobolds
  A gnoll sergeant (D:8)
  5 scorpions
  An electric eel (D:9)
  4 lava snakes (Volcano)
  2 crimson imps
  A quasit (D:9)
  2 centaur zombies
  12 hounds
  A gnoll shaman (D:6)
  28 orc priests
  2 jellies
  2 giant frog skeletons
  24 orc wizards
  Jessica (D:3)
  Terence (D:4)
  5 worker ants
  12 iguanas
  15 sheep
  A big kobold zombie (Ossuary)
  A hound skeleton (D:5)
  2 hound zombies (D:5)
  5 mummies (Ossuary)
  9 gnolls
  10 adders
  18 river rats
  3 shadow imps
  2 oozes
  An adder zombie (D:5)
  3 worms
  7 giant geckos
  118 orcs
  2 ball pythons
  5 giant cockroaches
  5 goblins
  8 hobgoblins
  A jackal (D:9)
  8 quokkas
  9 bats
  A giant gecko zombie (D:6)
  8 giant newts
  2 gnoll zombies (Ossuary)
  24 kobolds
  A kobold zombie (Ossuary)
  3 orc zombies (Ossuary)
  2 quokka zombies
  7 rats
  A bush (Lair:8)
  10 fungi
  22 plants
681 creatures vanquished.

Vanquished Creatures (collateral kills)
  A quicksilver dragon (Lair:8)
  A death yak (Lair:7)
  Urug (Lair:3)
  A hill giant (D:10)
  An orc sorcerer (Orc:4)
  An orc knight (Orc:4)
  2 elephants (Lair:8)
  A komodo dragon (Lair:8)
  A centaur skeleton (D:11)
  A spiny frog (Lair:6)
  2 trolls
  A deep elf mage (D:11)
  5 yaks
  A basilisk (Lair:6)
  A hog (Lair:8)
  A mottled dragon (D:11)
  2 wargs (Orc:4)
  An ice beast (D:9)
  4 orc warriors
  2 necrophages
  2 ogres
  A crocodile (Lair:7)
  2 giant frogs
  2 crimson imps
  2 orc priests (Orc:3)
  A hound (D:6)
  6 orc wizards
  An iguana (D:11)
  2 worker ants
  3 gnolls (D:6)
  A shadow imp (D:9)
  26 orcs
  4 kobolds (D:9)
  A goblin (D:1)
85 creatures vanquished.

Vanquished Creatures (others)
  An orc sorcerer (Orc:4)
  A black mamba (Lair:3)
  4 humans (Lair:8)
  A necrophage (D:8)
  A slave (D:7)
  A hound skeleton (D:7)
  An orc (Orc:2)
  27 fungi
  12 plants
49 creatures vanquished.

Grand Total: 815 creatures vanquished

Notes
Turn   | Place    | Note
--------------------------------------------------------------
     0 | D:1      | nubinia the Spriggan Artificer began the quest for the Orb.
     0 | D:1      | Reached XP level 1. HP: 9/9 MP: 4/4
   155 | D:1      | Reached XP level 2. HP: 9/14 MP: 6/6
  1161 | D:2      | Noticed Terence
  1203 | D:2      | Reached skill level 1 in Fighting
  1483 | D:2      | Reached XP level 3. HP: 18/18 MP: 7/7
  2014 | D:2      | Reached skill level 5 in Evocations
  2369 | D:2      | Reached XP level 4. HP: 22/22 MP: 8/8
  2847 | D:3      | Noticed Grinder
  3090 | D:3      | Noticed Jessica
  3094 | D:3      | Reached skill level 1 in Slings
  3290 | D:3      | Killed Jessica
  3565 | D:4      | Noticed an orc warrior
  3706 | D:4      | Noticed an ogre
  3715 | D:4      | Reached XP level 5. HP: 10/25 MP: 9/9
  3767 | D:4      | Killed an ogre
  3898 | D:4      | Reached XP level 6. HP: 27/30 MP: 10/10
  4307 | D:4      | Reached skill level 5 in Dodging
  4566 | D:5      | Entered Level 5 of the Dungeon
  4791 | D:5      | Reached skill level 5 in Slings
  4791 | D:5      | Reached skill level 5 in Stealth
  4791 | D:5      | Reached XP level 7. HP: 24/33 MP: 11/11
  4953 | D:5      | Found Giughoad's Book Emporium.
  5577 | D:4      | Reached skill level 6 in Dodging
  5925 | D:4      | Killed Terence
  6122 | D:4      | Killed an orc warrior
  6399 | D:4      | Reached XP level 8. HP: 38/38 MP: 11/13
  6446 | D:4      | Reached skill level 7 in Slings
  6787 | D:5      | Found an opulent altar of Gozag.
  7222 | D:6      | Found a sand-covered staircase.
  7296 | Ossuary  | Entered an ossuary
  7399 | Ossuary  | Reached skill level 8 in Slings
  7779 | D:6      | Reached skill level 1 in Shields
  8551 | D:6      | Noticed Edmund
  8633 | D:6      | Killed Edmund
  8633 | D:6      | Reached skill level 9 in Slings
  9145 | D:6      | Found Ileho's Distillery.
  9362 | D:7      | Found a staircase to the Ecumenical Temple.
  9368 | Temple   | Entered the Ecumenical Temple
  9407 | Temple   | Became a worshipper of Nemelex Xobeh the Trickster
  9546 | D:7      | Received a gift from Nemelex Xobeh
  9666 | D:7      | Found a stormy altar of Qazlal.
  9727 | D:7      | Noticed Pikel
  9756 | D:7      | Killed Pikel
  9756 | D:7      | Reached skill level 10 in Slings
  9756 | D:7      | Reached XP level 9. HP: 42/42 MP: 14/14
  9910 | D:7      | Noticed Prince Ribbit
  9925 | D:7      | Killed Prince Ribbit
 10000 | D:7      | Got a transparent short sword
 10001 | D:7      | Identified the +5 short sword of the Six Ships {pierce, *Noise MR+++ SInv} (You found it on level 7 of the Dungeon)
 10223 | D:3      | Killed Grinder
 10446 | D:7      | Received a gift from Nemelex Xobeh
 10450 | D:7      | Reached * piety under Nemelex Xobeh
 10614 | D:7      | Found a white marble altar of Elyvilon.
 11445 | D:8      | Received a gift from Nemelex Xobeh
 11749 | D:8      | Reached XP level 10. HP: 37/48 MP: 17/17
 11817 | D:8      | Found a blossoming altar of Fedhas.
 11988 | D:9      | Found a staircase to the Lair.
 12178 | D:9      | Found Ybemopnea's Distillery.
 12269 | D:9      | Reached ** piety under Nemelex Xobeh
 12669 | D:10     | Entered Level 10 of the Dungeon
 12677 | D:10     | Reached skill level 11 in Slings
 12707 | D:10     | Noticed a hill giant
 12726 | D:10     | Killed a hill giant
 12741 | D:10     | Noticed 4thArraOfDagon's ghost (novice DDFi)
 13065 | D:11     | Reached skill level 10 in Dodging
 13068 | D:11     | Reached skill level 5 in Short Blades
 13141 | D:11     | Found a staircase to the Orcish Mines.
 13230 | D:10     | Noticed a hill giant
 13251 | D:10     | Killed a hill giant
 13293 | D:10     | Received a gift from Nemelex Xobeh
 13300 | D:10     | Reached XP level 11. HP: 16/53 MP: 19/19
 13385 | D:10     | Noticed an unseen horror
 13537 | D:10     | Noticed a hill giant
 13687 | D:10     | Killed an unseen horror
 13823 | D:9      | Reached skill level 10 in Evocations
 13869 | D:9      | Reached skill level 10 in Stealth
 14410 | Lair:1   | Entered Level 1 of the Lair of Beasts
 14439 | Lair:1   | Received a gift from Nemelex Xobeh
 14461 | Lair:1   | Reached *** piety under Nemelex Xobeh
 14650 | Lair:1   | Received a gift from Nemelex Xobeh
 14752 | Lair:1   | Found a dark tunnel.
 14767 | Volcano  | Entered a volcano
 14799 | Volcano  | Received a gift from Nemelex Xobeh
 14808 | Volcano  | Reached **** piety under Nemelex Xobeh
 14854 | Volcano  | Found a radiant altar of Vehumet.
 15602 | Lair:2   | You fall through a shaft!
 15603 | Lair:3   | Noticed Rupert
 15695 | Lair:3   | Received a gift from Nemelex Xobeh
 15699 | Lair:3   | Noticed a lindwurm
 15701 | Lair:3   | Killed a lindwurm
 15702 | Lair:3   | Noticed a lindwurm
 15705 | Lair:3   | Noticed a death drake
 15705 | Lair:3   | a lindwurm changed into a death drake
 15706 | Lair:3   | a death drake changed into a fire drake
 15713 | Lair:3   | Noticed a lindwurm
 15714 | Lair:3   | Noticed a lindwurm
 15726 | Lair:3   | Noticed Fannar
 15734 | Lair:3   | Noticed Sonja
 15920 | Lair:3   | Noticed Sonja
 15920 | Lair:3   | Sonja changed into Sonja the soldier ant
 15923 | Lair:3   | Killed Sonja the soldier ant
 15961 | Lair:3   | Noticed Urug
 16083 | Lair:2   | Received a gift from Nemelex Xobeh
 16269 | Lair:3   | Received a gift from Nemelex Xobeh
 16388 | Lair:4   | Reached ***** piety under Nemelex Xobeh
 16575 | Lair:4   | Reached skill level 12 in Slings
 16803 | Lair:2   | Reached XP level 12. HP: 58/58 MP: 21/21
 17311 | Lair:2   | Gained mutation: You have sharp fingernails. [potion of mutation]
 17311 | Lair:2   | Gained mutation: Your muscles are strong. (Str +2) [potion of mutation]
 17311 | Lair:2   | Gained mutation: You have a somewhat thin skeletal structure (Dex +2, Stealth). [potion of mutation]
 17388 | Lair:2   | Received a gift from Nemelex Xobeh
 17925 | Lair:3   | Killed Urug
 18062 | Lair:3   | Killed Rupert
 18062 | Lair:3   | Reached skill level 13 in Slings
 18133 | Lair:3   | Found a staircase to the Swamp.
 18647 | Lair:3   | Killed a lindwurm
 19087 | Lair:4   | Noticed an eight-headed hydra
 19107 | Lair:4   | Killed an eight-headed hydra
 19107 | Lair:4   | Reached skill level 14 in Slings
 19447 | Lair:4   | Received a gift from Nemelex Xobeh
 19895 | Lair:6   | Received a gift from Nemelex Xobeh
 19922 | Lair:6   | Found a labyrinth entrance.
 19958 | Lab      | Entered a labyrinth
 20028 | Lab      | Got a polished scimitar
 20029 | Lab      | Identified the +6 scimitar of Wurgh {slice, *Rage *Confuse rPois rC+} (You found it in a labyrinth)
 20592 | Lab      | Received a gift from Nemelex Xobeh
 21128 | Lab      | Reached ****** piety under Nemelex Xobeh
 21138 | Lab      | Noticed a minotaur
 21145 | Lab      | Killed a minotaur
 21145 | Lab      | Reached XP level 13. HP: 63/63 MP: 23/23
 21171 | Lab      | Identified a +3 rod of clouds (10/10) (You found it in a labyrinth)
 21187 | Lair:6   | Received a gift from Nemelex Xobeh
 21420 | Lair:6   | Received a gift from Nemelex Xobeh
 21506 | Lair:6   | Noticed a four-headed hydra
 21512 | Lair:6   | Killed a four-headed hydra
 21799 | Lair:6   | Found a hole to the Spider Nest.
 22055 | Lair:7   | Reached skill level 5 in Fighting
 22078 | Lair:7   | Received a gift from Nemelex Xobeh
 22081 | Lair:7   | Noticed Maud
 22118 | Lair:7   | Killed Maud
 22131 | Lair:7   | Reached skill level 15 in Slings
 22721 | Lair:7   | Received a gift from Nemelex Xobeh
 22898 | Lair:8   | Entered Level 8 of the Lair of Beasts
 23046 | Lair:7   | Received a gift from Nemelex Xobeh
 23403 | Lair:8   | Noticed Kirke
 23514 | Lair:8   | Received a gift from Nemelex Xobeh
 23559 | Lair:8   | Received a gift from Nemelex Xobeh
 23847 | Lair:8   | Noticed a sphinx
 23873 | Lair:8   | Noticed Kirke
 23873 | Lair:8   | Kirke changed into Kirke the quicksilver dragon
 23884 | Lair:8   | Killed Kirke the quicksilver dragon
 24094 | Lair:8   | Found a radiant altar of Vehumet.
 24304 | Lair:8   | Received a gift from Nemelex Xobeh
 24457 | Lair:8   | Found a viscous altar of Jiyva.
 24457 | Lair:8   | Found a staircase to the Slime Pits.
 25018 | Lair:8   | Reached XP level 14. HP: 68/68 MP: 25/25
 25191 | Lair:8   | Noticed a dire elephant
 25191 | Lair:8   | Noticed a dire elephant
 25201 | Lair:8   | Got a transparent scimitar
 25733 | Lair:6   | Upgraded the game from 0.17-a0-2098-gf59d6bc to 0.17-a0-2101-g0c122e7
 25867 | Lair:5   | Identified the +5 scimitar of Midwinter {vamp, *Corrode +Blink rElec Int+5} (You found it on level 8 of the Lair of Beasts)
 26219 | Lair:5   | Received a gift from Nemelex Xobeh
 26349 | Lair:5   | Received a gift from Nemelex Xobeh
 26726 | Lair:3   | Killed Fannar
 26849 | Lair:3   | Killed a lindwurm
 27180 | D:11     | Noticed a seven-headed hydra
 27185 | D:11     | Killed a seven-headed hydra
 27200 | D:11     | Noticed Psyche
 27216 | D:11     | Killed Psyche
 27216 | D:11     | Reached skill level 16 in Slings
 27231 | D:11     | Received a gift from Nemelex Xobeh
 27238 | D:11     | Noticed a hill giant
 27290 | D:11     | Killed a hill giant
 27559 | D:11     | Received a gift from Nemelex Xobeh
 27566 | D:11     | Noticed a seven-headed hydra
 27580 | D:11     | Killed a seven-headed hydra
 27872 | Orc:1    | Entered Level 1 of the Orcish Mines
 27916 | Orc:1    | Noticed Maurice
 27937 | Orc:1    | Killed Maurice
 28326 | Orc:2    | Found Rehan's Antique Weapon Shop.
 28360 | Orc:2    | Bought a glowing short sword for 117 gold pieces
 28796 | Orc:2    | Found a roughly hewn altar of Beogh.
 29174 | Orc:1    | Received a gift from Nemelex Xobeh
 29180 | Orc:1    | Found Hemah's Antique Armour Boutique.
 29502 | Orc:3    | Received a gift from Nemelex Xobeh
 29534 | Orc:3    | Found a roughly hewn altar of Beogh.
 29831 | Orc:4    | Entered Level 4 of the Orcish Mines
 29831 | Orc:4    | Found Modeiterr's Book Shop.
 29958 | Orc:4    | Reached skill level 5 in Shields
 30230 | Orc:4    | Found a staircase to the Elven Halls.
 30375 | Orc:4    | Reached skill level 15 in Evocations
 30978 | Orc:4    | Found Tohuhon's Antique Armour Shoppe.
 30978 | Orc:4    | Found Henwuack's Magic Scroll Shoppe.
 30980 | Orc:4    | Found Zosi Naenai's Food Shop.
 30980 | Orc:4    | Found Eproujoa's Armour Shop.
 31008 | Orc:4    | Bought a glowing robe for 21 gold pieces
 31008 | Orc:4    | Bought a runed robe for 21 gold pieces
 31008 | Orc:4    | Bought an embroidered robe for 21 gold pieces
 31403 | Elf:1    | Entered Level 1 of the Elven Halls
 31563 | Elf:1    | Received a gift from Nemelex Xobeh
 31662 | Elf:1    | Noticed Aizul
 31673 | Elf:1    | Killed from afar by Aizul

Vault maps used:
D:1:      lightli_arrival_isolated_outpost
D:2:      forest_paths, first_bread, hangedman_abyss_or_decor_stabs,
          grunt_ministairs_9, minmay_misc_feat_doors, uniq_terence
D:3:      uniq_grinder, uniq_jessica
D:5:      serial_shops, shop, st_stairs_13, corexii_corridor_pit,
          grunt_gozag_breadcrumbs
D:6:      serial_shops, nicolae_shop_window_shopping,
          nicolae_ossuary_entry_monument, uniq_edmund
D:7:      nicolae_whirlpool, kennysheep_mini_moat,
          minmay_temple_entry_enclosed_plants, basic_altar, uniq_pikel,
          uniq_prince_ribbit1
D:8:      hangedman_tree_tricks, hangedman_decor_points
D:9:      erik_lair_island, serial_shops, kennysheep_mini,
          hangedman_decor_lopped
D:11:     orc_0_dummy, minmay_misc_feat_enclosed, uniq_psyche
Temple:   grunt_circular_temple_18
Lair:1:   enter_volcano_1
Lair:2:   dpeg_oklob_gauntlet
Lair:3:   minmay_swamp_entry_worms, minmay_lindwurm_lava, uniq_rupert,
          uniq_urug, uniq_sonja, uniq_fannar
Lair:6:   nicolae_spider_entry_tight_spaces, lab_entry_generic,
          serial_bayou_shore_a
Lair:7:   serial_bayou, serial_bayou_crossing, serial_bayou_pond_a,
          serial_bayou_shore_b, serial_bayou_shore_b, minivault_24, uniq_maud
Lair:8:   due_jungle_book, dpeg_slime_entry_enclosed_altar, basic_altar,
          minivault_27, uniq_kirke
Orc:1:    serial_shops, shop_fountains, uniq_maurice
Orc:2:    basic_altar, serial_shops, shop_coins
Orc:3:    basic_altar, nicolae_orc_pool_cavern
Orc:4:    st_orc_elflike, serial_shops, nicolae_shop_trees, abandoned_shop
Elf:1:    minmay_elf_crystal_heptagon, serial_shops, shop,
          kennysheep_underground_church, uniq_aizul
Lab:      labyrinth_mini_lab, lab_hedge, lab_block, nicolae_lab_diamond,
          nicolae_lab_arrow, nicolae_lab_plus, nicolae_lab_quarters
Ossuary:  ossuary_crypta
Volcano:  volcano_lake

Action                   |  1- 3 |  4- 6 |  7- 9 | 10-12 | 13-15 || total
-------------------------+-------+-------+-------+-------+-------++-------
Melee: Short sword       |   124 |   128 |   340 |   645 |  1022 ||  2259
       Flail             |       |       |       |       |     2 ||     2
 Fire: Hunting sling     |    21 |   118 |   325 |   440 |   643 ||  1547
       Blowgun           |       |       |       |     2 |     1 ||     3
Throw: Stone             |       |       |       |     1 |       ||     1
Invok: Triple Draw       |       |       |       |       |     2 ||     2
Evoke: Wand              |     1 |       |    32 |    61 |    40 ||   134
       Deck              |       |       |    12 |    63 |    78 ||   153
       Rod               |       |       |       |       |    13 ||    13
  Use: Scroll            |     6 |     3 |    13 |     8 |    11 ||    41
       Potion            |     1 |       |     1 |     8 |     3 ||    13
 Stab: Sleeping          |     9 |     7 |    19 |    29 |    22 ||    86
       Distracted        |       |       |     1 |     5 |     2 ||     8
       Confused          |       |       |     1 |     7 |     4 ||    12
       Invisible         |       |       |       |     4 |       ||     4
       Paralysed         |       |       |       |       |     1 ||     1
       Fleeing           |       |       |       |       |     1 ||     1
  Eat: Pizza             |       |     1 |       |     1 |     2 ||     4
       Bread ration      |       |       |     1 |     1 |     2 ||     4
       Fruit             |       |       |       |     1 |     8 ||     9
       Royal jelly       |       |       |       |     1 |       ||     1
